 Dungeon Crawl Stone Soup version 0.29-a0-323-g050149af67 (webtiles) character file.

Game seed: 18268697651191837247

580813 kipponium the Executioner (level 25, -12/397 HPs)
             Began as a Demonspawn Berserker on Mar 22, 2022.
             Was the Champion of Trog.
             Mangled by a rockslime (18 damage)
             ... created by the Royal Jelly
             ... on level 5 of the Pits of Slime on Apr 10, 2022.
             The game lasted 05:16:58 (79104 turns).

kipponium the Executioner (Demonspawn Berserker)   Turns: 79104, Time: 05:16:59

Health: -12/397    AC: 32    Str: 32    XL:     25   Next: 93%
Magic:  0/20       EV: 11    Int:  8    God:    Trog [******]
Gold:   5536       SH:  0    Dex: 13    Spells: 24/24 levels left

rFire   + . .      SeeInvis +   j - +8 frozen axe "Frostbite" {freezing cloud, *Noise Fly rC+}
rCold   + + .      Faith    .   (shield currently unavailable)
rNeg    + . .      Spirit   +   y - +5 crystal plate armour of the Ferocious Wumpus {Fly rPois rCorr Str-2}
rPois   +          Reflect  .   (helmet unavailable)
rElec   .          Harm     .   C - +0 cloak {Will+}
rCorr   +          Rampage  +   t - +1 pair of gloves {infuse}
Will    ++...                   n - +0 pair of boots "Ciske" {Rampage}
Stlth   ..........              J - amulet "Puclym" {RegenMP Str+6}
HPRegen 0.76/turn               E - ring "Gyiviqing" {Slay+2 SInv}
MPRegen 0.74/turn               I - ring "Cupn" {rF+ rC+ rN+}

@: berserking, corroded, flying, studying 4 skills, very quick
A: horns 3, slimy green scales 3, ignite blood 3, robust 2, magic shield, magic
regeneration, magic link, low MP 1, mutation resistance 1, weak 1, subdued magic
1
}: 3/15 runes: barnacled, silver, gossamer
a: Renounce Religion, Berserk, Trog's Hand, Brothers in Arms


You were on level 5 of the Pits of Slime.
You worshipped Trog.
Trog was exalted by your worship.
You visited 11 branches of the dungeon, and saw 52 of its levels.
You visited 1 bazaar.
You also visited: Sewer, Bailey and Ice Cave.

You collected 8826 gold pieces.
You spent 3290 gold pieces at shops.

Inventory:

Hand Weapons
 c - the +7 war axe of Righteous Fury {vorpal, Will+ Dex+5}
   (You found it on level 2 of the Lair of Beasts)

   It inflicts extra damage upon your enemies.
   Dex:       It affects your dexterity (+5).
   Will:      It increases your willpower.
 j - the +8 frozen axe "Frostbite" (weapon) {freezing cloud, *Noise Fly rC+}
   (You took it off a fire giant on level 5 of the Vaults)

   It freezes those it strikes, dealing additional cold damage.
   It can also slow down cold-blooded creatures.
   It occasionally leaves clouds of freezing vapour upon striking a foe.
   It grants immunity to clouds of freezing vapour.
   rC:        It protects you from cold.
   Fly:       It grants you flight.
   *Noise:    It may make noises in combat.
 l - a +9 executioner's axe of protection
 N - the +10 morningstar "Eos" {elec, Halo rElec}
   (You took it off a deep elf demonologist on level 3 of the Elven Halls)

   It occasionally discharges a powerful burst of electricity upon striking a
   foe.
   It grants its wielder a halo, increasing accuracy against those within it.
   rElec:     It insulates you from electricity.
 P - the +8 storm bow {elec, penet}
   (You took it off a gnoll sergeant in a bailey)

   Any ammunition fired from it occasionally discharges a powerful burst of
   electricity upon striking a foe.
   Any ammunition fired by it passes through the targets it hits, potentially
   hitting all targets in its path until it reaches maximum range.
Missiles
 T - 7 curare-tipped darts
Armour
 b - +0 pearl dragon scales
 h - the +6 chain mail of Music {rF+ Str+4}
   (You took it off an orc knight on level 2 of the Orcish Mines)

   Str:       It affects your strength (+4).
   rF:        It protects you from fire.
 n - the +0 pair of boots "Ciske" (worn) {Rampage}
   (You found it on level 4 of the Lair of Beasts)

   Rampage:   It bestows one free step when moving towards enemies.
 t - a +1 pair of gloves of infusion (worn)
 y - the +5 crystal plate armour of the Ferocious Wumpus (worn) {Fly rPois rCorr Str-2}
   (You found it on level 2 of the Crypt)

   Str:       It affects your strength (-2).
   rPois:     It protects you from poison.
   Fly:       It grants you flight.
   rCorr:     It protects you from acid and corrosion.
 A - the +0 pair of gloves "Qiafiomp" {+Blink}
   (You acquired it on level 2 of the Orcish Mines)

   +Blink:    It lets you blink.
 C - a +0 cloak of willpower (worn)
 M - a +12 crystal plate armour
Jewellery
 a - the amulet of Psychosis {Reflect rC- Dex+6 SH+5}
   (You found it on level 1 of the Depths)

   [amulet of reflection]

   It reflects blocked missile attacks.
   Dex:       It affects your dexterity (+6).
   rC:        It makes you vulnerable to cold.
   SH:        It affects your SH (+5).
 o - an amulet of regeneration
 E - the ring "Gyiviqing" (left hand) {Slay+2 SInv}
   (You took it off a deep elf demonologist on level 3 of the Elven Halls)

   [ring of see invisible]

   Slay:      It affects your accuracy & damage with ranged weapons and melee
   (+2).
   SInv:      It lets you see invisible.
 I - the ring "Cupn" (right hand) {rF+ rC+ rN+}
   (You found it on level 14 of the Dungeon)

   [ring of positive energy]

   rF:        It protects you from fire.
   rC:        It protects you from cold.
   rN:        It protects you from negative energy.
 J - the amulet "Puclym" (around neck) {RegenMP Str+6}
   (You took it off a deep elf master archer on level 3 of the Elven Halls)

   [amulet of magic regeneration]

   It increases your rate of magic regeneration.
   Str:       It affects your strength (+6).
 X - the ring of the Yeti {rElec rC+ Will+}
   (You found it in an ice cave)

   [ring of protection from cold]

   rC:        It protects you from cold.
   rElec:     It insulates you from electricity.
   Will:      It increases your willpower.
Wands
 g - a wand of mindburst (47)
 k - a wand of paralysis (26)
 q - a wand of charming (1)
 s - a wand of acid (17)
 G - a wand of iceblast (27)
 Q - a wand of polymorph (6)
 S - a wand of digging (2)
Scrolls
 p - 23 scrolls of teleportation
 r - a scroll of summoning
 u - 5 scrolls of magic mapping
 x - 3 scrolls of immolation
 F - 7 scrolls of fog
 K - 8 scrolls of blinking
 L - 6 scrolls of silence
 Y - 7 scrolls of fear
Potions
 d - 15 potions of curing
 f - 6 potions of resistance
 i - 5 potions of heal wounds
 w - 6 potions of cancellation
 z - 4 potions of invisibility
 B - 4 potions of haste
 H - 11 potions of might
Miscellaneous
 e - a condenser vane
 m - a tin of tremorstones (2/2)
 v - a lightning rod (4/4)
 R - a box of beasts
 U - a phantom mirror (quivered)
 V - a phial of floods


   Skills:
 + Level 23.5 Fighting
 - Level 24.0 Axes
 - Level 22.0 Bows
 - Level 0.5 Throwing
 * Level 22.0 Armour
 * Level 10.0 Dodging
 - Level 1.0 Shields
 - Level 0.4 Evocations


You had 24 spell levels left.
You didn't know any spells.
Your spell library contained the following spells:

 Spells                   Type           Power      Damage    Failure   Level
 Ozocubu's Armour         Ice            0%         N/A       100%        3
 Ozocubu's Refrigeration  Ice            0%         4d5       100%        7


Dungeon Overview and Level Annotations

Branches:
Dungeon (15/15)            Temple (0/1) D:4            Lair (6/6) D:8
 Shoals (4/4) Lair:2       Spider (4/4) Lair:2        Slime (5/5) Lair:6
    Orc (2/2) D:11            Elf (3/3) Orc:2        Vaults (5/5) D:13
  Crypt (3/3) Vaults:2       Tomb (1/3) Crypt:3      Depths (4/4) D:15
    Zot (0/5) Depths:4      Sewer (visited)          Bailey (visited)
  IceCv (visited)

Altars:
Dithmenos
Gozag
Hepliaklqana
Kikubaaqudgha
Makhleb
Qazlal
Ru
Trog
Uskayaw
Wu Jian
Yredelemnul
Lugonu

Shops:
D:2 *   D:12 *   D:15 (   Orc:2 *=(?   Elf:1 :=*:   Shoals:3 *

Portals:
Hell: Lair:6 Depths:1 Depths:2 Depths:3 Depths:4
Abyss: Depths:3
Pandemonium: Depths:2
Ziggurat: Depths:2


Innate Abilities, Weirdness & Mutations

You have a pair of large horns on your head.
You are completely covered in slimy green scales. (AC +4, rPois)
Your demonic aura causes all spilled blood to erupt in flames.
You are very robust. (+20% HP)
When hurt, damage is shared between your health and your magic reserves.
You regenerate magic rapidly.
When low on magic, you restore magic in place of health.
Your magical capacity is low. (-10% MP)
You are somewhat resistant to further mutation.
You are weak. (Str -2)
Your spells are a little easier to cast, but a little less powerful.


Message History

The Royal Jelly spits out six more jellies.
The acid blob jiggles.
The rockslime hits you!!
* * * LOW HITPOINT WARNING * * *
You hold your ground!
You slice the Royal Jelly!! You freeze the Royal Jelly.
You kill the Royal Jelly!
Trog accepts your kill.
You feel a strange vibration for a moment.
With an infernal noise, the power ruling this place vanishes!
You slice the quicksilver ooze!! You freeze the quicksilver ooze!
You slash the acid blob! You freeze the acid blob.
Your hands burn!
* * * LOW HITPOINT WARNING * * *
You slash the rockslime! You freeze the rockslime. You hit the rockslime.
You freeze the rockslime.
You open the quicksilver ooze like a pillowcase!!!
You freeze the quicksilver ooze.
You kill the quicksilver ooze!
That felt strangely unrewarding.
One of the Royal Jelly's fragments survives.
The acid blob spits acid at you.
The splash of acid hits you but does no damage.
Your Dodging skill increases to level 10!
Unknown command.
You are too berserk!
You hit the quicksilver ooze. You freeze the quicksilver ooze.
The quicksilver ooze is severely wounded.
You slice the rockslime!! You freeze the rockslime!
You hit the rockslime but do no damage. You hit the rockslime.
You freeze the rockslime. You slice the acid blob!! You freeze the acid blob.
Your hands burn!
* * * LOW HITPOINT WARNING * * *
The acid blob is engulfed in blazing flames.
The acid blob spits acid at you. The splash of acid hits you. You resist.
* * * LOW HITPOINT WARNING * * *
The acid corrodes you!
The quicksilver ooze is engulfed in blazing flames.
The quicksilver ooze barely misses you. x2; The rockslime hits you!!
You die...

......... ............
............#
................###
..................##
...................###
.....................#.#..
............J§J...<.......
.......J.☼J@JJJ..........
#.....○JJ○J...........
##.....GJJJ...........
##...................
##..................
##........JJ.......
#........JJ.......
#.............
#............


You could see 3 acid blobs, an azure jelly, a great orb of eyes, 5 slime
creatures, 6 rockslimes and 2 quicksilver oozes.

Vanquished Creatures
  the Royal Jelly (Slime:5)
  Mennas (Crypt:1)
  Mara (Elf:3)
  A juggernaut (Depths:4)
  Saint Roka (Vaults:4)
  3 caustic shrikes
  A profane servitor (Crypt:3)
  3 golden dragons
  Arachne (Spider:3)
  6 tentacled monstrosities
  10 liches
  The ghost of Titucsi the Tortoise, an adept GrFi of Makhleb (Crypt:1)
  A shard shrike skeleton (Crypt:1)
  2 quicksilver dragons (Vaults:5)
  6 titans
  A walking crystal tome (Depths:2)
  A walking earthen tome (Depths:3)
  2 walking frostbound tomes
  A walking divine tome (Depths:4)
  13 acid blobs
  The ghost of starts1789 the Destroyer, an adept DgEE (Shoals:3)
  2 deep elf master archers (Elf:3)
  Polyphemus (Shoals:3)
  3 deep elf blademasters
  3 krakens
  10 sphinxes
  9 ancient champions
  Kirke (Lair:6)
  4 shadow dragons
  3 storm dragons
  5 azure jellies
  6 tengu reavers
  The ghost of epen the Covert, an adept GnAr of Cheibriados (Orc:2)
  7 rockslimes
  7 frost giants
  2 revenants (Crypt:1)
  2 draconian scorchers (Depths:4)
  13 vault wardens
  7 ghost moths
  An iron dragon (Vaults:5)
  13 fire giants
  7 deep elf sorcerers
  3 orc warlords
  2 curse skulls
  2 emperor scorpions
  Aizul (Spider:1)
  9 ghouls
  6 deep elf elementalists (Elf:3)
  A reaper (Crypt:2)
  2 spriggan defenders
  A juggernaut zombie (Crypt:1)
  8 quicksilver oozes
  The ghost of Giriussogi the Bludgeoner, a journeyman MiBe of Trog (Depths:2)
  20 ironbound preservers
  7 ironbound thunderhulks
  A broodmother (Spider:4)
  21 very ugly things
  15 stone giants
  2 green draconians (Depths:4)
  7 vampire knights
  9 deep elf demonologists
  A black draconian (Depths:4)
  2 yellow draconians (Depths:4)
  3 minotaurs (Shoals:4)
  3 entropy weavers
  6 deep elf annihilators
  14 spark wasps
  5 eidola
  31 dire elephants
  A white draconian (Depths:4)
  14 ettins
  Snorg (Orc:2)
  5 mummy priests
  5 merfolk javelineers
  6 merfolk impalers
  17 jiangshi
  6 fire dragons
  12 yaktaur captains
  8 deep elf high priests
  11 deep elf death magi
  2 spriggan zombies
  2 rakshasas
  A fenstrider witch zombie (Crypt:3)
  8 great orbs of eyes
  36 vault guards
  3 catoblepae
  4 boulder beetles
  2 peacekeepers
  3 spriggan air magi
  11 ice dragons
  4 radroaches
  2 death knights (Crypt:1)
  2 merfolk avatars
  8 hydras
  18 centaur warriors
  9 ironbound frosthearts
  3 ogre magi
  4 deep troll shamans
  An alligator (shapeshifter) (Vaults:5)
  Erolcha (Orc:2)
  2 merfolk aquamancers
  31 dancing weapons
  10 satyrs
  15 two-headed ogres
  5 tengu warriors
  2 hell hogs (Depths:1)
  14 death yaks
  5 vampire magi
  Urug (Orc:1)
  16 deep troll earth magi
  An orc high priest (Orc:2)
  3 spriggan berserkers
  8 sun demons (Depths:1)
  18 hell knights
  A fire crab (Lair:2)
  A salamander mystic (Depths:1)
  17 deep elf knights
  Amaemon (Lair:4)
  A golden dragon zombie (Tomb:1)
  2 pharaoh ants (Spider:2)
  2 shadow wraiths
  5 iron trolls
  Lodul (D:14)
  A goliath frog (shapeshifter) (Vaults:5)
  A titan skeleton (Crypt:3)
  A spark wasp zombie (Crypt:2)
  6 sea snakes
  33 skeletal warriors
  81 deep trolls
  2 sun moths
  14 deep elf archers
  6 steelbarb worms
  An entropy weaver zombie (Crypt:1)
  4 orb spiders
  3 glowing orange brains
  14 phantasmal warriors
  4 flayed ghosts
  16 wizards
  An obsidian statue (Shoals:3)
  13 ironbound convokers
  41 deep elf zephyrmancers
  An anaconda skeleton (Crypt:3)
  10 lindwurms
  9 cyclopes
  A faun (shapeshifter) (Depths:2)
  11 orc knights
  17 harpies
  11 necromancers
  43 deep elf pyromancers
  8 orc sorcerers
  3 tengu skeletons
  30 wolf spiders
  A goliath frog zombie (Crypt:2)
  19 manticores
  4 stone giant zombies
  A jorogumo skeleton (Crypt:3)
  8 shining eyes
  21 ugly things
  8 fauns
  A human zombie (Vaults:3)
  3 salamanders (Depths:1)
  A moth of wrath (Spider:3)
  3 oklob plants (Lair:6)
  A dire elephant zombie (Crypt:1)
  11 elephants
  4 black mambas
  6 merfolk sirens
  A naga zombie (Tomb:1)
  An eye of devastation (Slime:3)
  2 ice statues (IceCv)
  A centaur zombie (Crypt:1)
  4 stone giant skeletons
  4 water nymphs
  12 vault sentinels
  An orange demon (Lair:4)
  8 unseen horrors
  A dire elephant skeleton (Tomb:1)
  A torpor snail (shapeshifter) (Vaults:5)
  7 cane toads
  A hellion (Depths:1)
  3 torpor snails
  Maggie (D:7)
  3 rime drakes
  2 gargoyles
  4 demonic crawlers
  12 komodo dragons
  5 freezing wraiths
  A black draconian zombie (Crypt:3)
  A komodo dragon (shapeshifter) (Elf:2)
  58 yaktaurs
  7 tengu conjurers
  An anaconda simulacrum (Crypt:1)
  10 trolls
  A purple draconian zombie (Crypt:3)
  8 entropy weaver simulacra (IceCv)
  7 guardian mummies
  3 yaktaur skeletons
  2 ice devils (Lair:6)
  8 polar bears
  A red devil (Lair:6)
  A hellwing (Lair:6)
  6 meliai
  A hornet (shapeshifter) (Vaults:5)
  8 hornets
  Prince Ribbit (D:6)
  17 blink frogs
  97 slime creatures
  18 tarantellas
  4 wind drakes
  2 tarantellas (shapeshifter)
  39 merfolk
  An ettin zombie (Crypt:2)
  15 dream sheep
  5 snapping turtles
  2 stone giant simulacra (Crypt:1)
  25 jumping spiders
  3 spriggans (Depths:4)
  An ettin skeleton (Vaults:2)
  9 flying skulls (Tomb:1)
  8 wraiths
  3 shadows
  2 air elementals
  18 culicivoras
  17 water elementals
  Sigmund (D:2)
  33 yaks
  6 wyverns
  A centaur simulacrum (D:15)
  A wind drake zombie (Crypt:1)
  A guardian serpent skeleton (Crypt:2)
  Grum (Bailey)
  5 fire elementals (Elf:3)
  4 hogs
  4 ushabtiu
  3 basilisks (Lair:5)
  5 steam dragons
  33 redbacks
  6 wargs
  2 acid dragons
  A harpy simulacrum (Crypt:3)
  An elf skeleton (Vaults:3)
  A naga (shapeshifter) (Vaults:5)
  A swamp worm (shapeshifter) (Elf:1)
  18 water moccasins
  2 demonic crawler simulacra (IceCv)
  A floating eye (Slime:5)
  Duvessa (D:6)
  47 orc warriors
  A black bear (D:6)
  3 hell hounds (Lair:6)
  2 merfolk skeletons (Crypt:3)
  4 ugly thing simulacra (IceCv)
  A naga skeleton (Tomb:1)
  2 ice beasts
  An ettin simulacrum (Crypt:1)
  22 ogres
  5 boggarts
  28 wolves
  A torpor snail zombie (Crypt:2)
  2 phantoms
  A dream sheep skeleton (Crypt:1)
  23 centaurs
  A swamp dragon skeleton (Crypt:3)
  A hog skeleton (Crypt:1)
  10 kobold brigands
  2 glowing shapeshifter simulacra (IceCv)
  15 bullfrogs
  2 gnoll sergeants (Bailey)
  A cyclops zombie (Crypt:2)
  A komodo dragon skeleton (Crypt:2)
  3 necrophages
  5 wights (D:7)
  A scorpion (Lair:1)
  9 human skeletons
  Dowan (D:7)
  A troll zombie (Crypt:3)
  13 killer bees
  5 electric eels
  6 howler monkeys
  19 orc priests
  8 hounds
  4 gnoll shamans
  A black bear zombie (Crypt:2)
  11 hell rats
  Ijyb (D:3)
  5 iguanas
  30 orc wizards
  4 yak simulacra (Lair:4)
  A polar bear simulacrum (Lair:4)
  3 wolf simulacra (Lair:4)
  A tengu zombie (Crypt:1)
  9 mummies (Tomb:1)
  Robin (D:4)
  14 gnolls
  A river rat (D:4)
  14 adders
  A shadow imp (D:6)
  3 ufetubi
  An iguana zombie (Crypt:3)
  A lava snake skeleton (Crypt:1)
  4 worms
  4 dart slugs
  86 orcs
  4 bats
  4 endoplasms
  9 giant cockroaches
  11 goblins
  15 hobgoblins
  A hobgoblin (shapeshifter) (Vaults:5)
  17 jackals
  7 kobolds
  3 quokkas
  6 ball pythons
  9 frilled lizards
  A jackal zombie (Crypt:3)
  An orc skeleton (Crypt:2)
  15 rats
  3 river rat simulacra (Lair:4)
2368 creatures vanquished.

Vanquished Creatures (collateral kills)
  A dread lich (Vaults:5)
  3 caustic shrikes (Depths:4)
  A golden dragon (Vaults:5)
  A bone dragon (Crypt:3)
  Zenata (Elf:2)
  A kraken (Shoals:4)
  Agnes (Spider:2)
  A ghost moth (Spider:2)
  A quicksilver ooze (IceCv)
  A stone giant (Vaults:5)
  A deep elf death mage (Crypt:3)
  2 death knights
  3 orc high priests (Orc:2)
  A sun demon (Lair:6)
  A hell knight (Vaults:5)
  A skeletal warrior (Crypt:3)
  A pharaoh ant (Spider:2)
  An orb spider (Spider:2)
  2 orc knights (Orc:2)
  2 harpies (Shoals:4)
  2 orc sorcerers (Orc:2)
  2 wolf spiders
  A moth of wrath (Spider:2)
  A cyclops (D:15)
  A manticore (Shoals:3)
  An ice statue (IceCv)
  An orange demon (Lair:6)
  An ice devil (Lair:6)
  A freezing wraith (D:9)
  A merfolk (Shoals:3)
  2 tarantellas
  2 jumping spiders (Spider:2)
  A yak (D:9)
  A wyvern (D:9)
  A redback (Spider:2)
  A vampire mosquito (D:9)
  2 hell hounds (Lair:6)
  2 wolves (Bailey)
  A centaur (D:9)
  A kobold brigand (D:9)
  A bullfrog (Lair:4)
  4 gnoll sergeants (Bailey)
  A killer bee (D:9)
  3 gnoll shamans (Bailey)
  7 gnolls (Bailey)
  2 tentacles (Shoals:4)
71 creatures vanquished.

Vanquished Creatures (others)
  A white draconian (Depths:4)
  A deep troll (Vaults:3)
  A deep elf zephyrmancer (Elf:2)
  2 deep elf pyromancers (Elf:2)
  A slime creature (IceCv)
  A human (Lair:6)
  An acid dragon (D:9)
  A centaur (D:9)
  2 orc priests (Orc:2)
  26 fungi
  108 plants
  75 tentacles
  20 withered plants (Crypt:3)
240 creatures vanquished.

Grand Total: 2679 creatures vanquished

Notes
Turn   | Place    | Note
-------+----------+-------------------------------------------
     0 | D:1      | kipponium the Demonspawn Berserker began the quest for the
                  | Orb.
     0 | D:1      | Reached XP level 1. HP: 18/18 MP: 1/1
   238 | D:1      | Reached skill level 3 in Axes
   343 | D:1      | Gained mutation: You have a pair of small horns on your
                  | head. [demonic ancestry]
   343 | D:1      | Reached XP level 2. HP: 23/24 MP: 2/2
   606 | D:1      | Found a faded altar of an unknown god.
  1048 | D:2      | Reached ** piety under Trog
  1100 | D:2      | Gained mutation: You are partially covered in slimy green
                  | scales. (AC +2) [demonic ancestry]
  1100 | D:2      | Reached XP level 3. HP: 23/29 MP: 3/3
  1181 | D:2      | Reached skill level 4 in Axes
  1278 | D:2      | Found Deadaut's Assorted Antiques.
  1411 | D:2      | Noticed Sigmund
  1415 | D:2      | Killed Sigmund
  1416 | D:2      | Reached skill level 5 in Axes
  1416 | D:2      | Gained mutation: You are mostly covered in slimy green
                  | scales. (AC +3) [demonic ancestry]
  1416 | D:2      | Reached XP level 4. HP: 35/35 MP: 4/4
  1416 | D:2      | Gained mutation: You are completely covered in slimy green
                  | scales. (AC +4, rPois) [demonic ancestry]
  1416 | D:2      | Reached XP level 5. HP: 41/41 MP: 5/5
  1494 | D:2      | Found a sacrificial altar of Ru.
  1513 | D:2      | Reached skill level 6 in Axes
  1860 | D:3      | Noticed Ijyb
  1870 | D:3      | Killed Ijyb
  1871 | D:3      | Reached XP level 6. HP: 47/47 MP: 6/6
  2791 | D:3      | Reached skill level 7 in Axes
  3041 | D:4      | Noticed Robin
  3052 | D:4      | Reached *** piety under Trog
  3056 | D:4      | Killed Robin
  3104 | D:4      | Found a staircase to the Ecumenical Temple.
  3110 | D:4      | Reached XP level 7. HP: 52/52 MP: 7/7
  3255 | D:4      | Found a glowing drain.
  3368 | Sewer    | Entered a sewer
  3731 | Sewer    | Reached skill level 8 in Axes
  4655 | D:4      | Reached **** piety under Trog
  4892 | D:5      | Entered Level 5 of the Dungeon
  5114 | D:5      | Gained mutation: You regenerate magic rapidly. [demonic
                  | ancestry]
  5114 | D:5      | Reached XP level 8. HP: 58/58 MP: 8/8
  5145 | D:5      | Reached skill level 9 in Axes
  5896 | D:6      | Reached skill level 10 in Axes
  6227 | D:6      | Found a shadowy altar of Dithmenos.
  6337 | D:6      | Noticed a troll
  6348 | D:6      | Killed a troll
  6544 | D:6      | Reached skill level 11 in Axes
  6552 | D:6      | Found a hazy altar of Hepliaklqana.
  6655 | D:6      | Gained mutation: Your demonic aura sometimes causes spilled
                  | blood to erupt in flames. [demonic ancestry]
  6655 | D:6      | Reached XP level 9. HP: 44/63 MP: 9/9
  6778 | D:7      | Noticed Duvessa
  6780 | D:7      | Noticed Prince Ribbit
  6786 | D:7      | Noticed Dowan
  6798 | D:6      | Killed Prince Ribbit
  7249 | D:7      | Found a burning altar of Makhleb.
  7251 | D:7      | Found an ancient bone altar of Kikubaaqudgha.
  7252 | D:7      | Found a bloodstained altar of Trog.
  7326 | D:7      | Noticed Maggie
  7333 | D:7      | Killed Maggie
  7334 | D:7      | Reached skill level 12 in Axes
  7499 | D:7      | Killed Dowan
  7534 | D:6      | Killed Duvessa
  7830 | D:7      | Found an ornate altar of the Wu Jian Council.
  8195 | D:8      | Reached skill level 13 in Axes
  8326 | D:8      | Found a hide-covered altar of Uskayaw.
  8570 | D:8      | Gained mutation: When hurt, damage is shared between your
                  | health and your magic reserves. [demonic ancestry]
  8570 | D:8      | Reached XP level 10. HP: 69/70 MP: 10/10
  8594 | D:8      | Found a staircase to the Lair.
  9123 | D:8      | Identified the +3 leather armour of the Twisting Gods
                  | {Str+7}
  9257 | D:9      | Reached ***** piety under Trog
  9562 | D:9      | Reached skill level 14 in Axes
  9664 | D:9      | Found a flagged portal.
  9701 | Bailey   | Entered a bailey
 10288 | Bailey   | Noticed Grum
 10301 | Bailey   | Killed Grum
 10451 | Bailey   | Identified the +5 ice dragon scales "Jofotiso" {rF- rC++
                  | Str+4 Int+2}
 11090 | D:9      | Reached skill level 15 in Axes
 11094 | D:9      | Noticed a cyclops
 11103 | D:9      | Reached skill level 1 in Bows
 11108 | D:9      | Killed a cyclops
 11280 | D:9      | Reached XP level 11. HP: 74/75 MP: 11/11
 11392 | D:9      | Noticed a red ugly thing
 11403 | D:9      | Killed a red ugly thing
 11505 | D:9      | Noticed a two-headed ogre
 11521 | D:9      | Killed a two-headed ogre
 11689 | D:9      | Identified the +7 great sword of Bespelled Tenacity {pain,
                  | Fly rF++ Int+8 Dex-2}
 11762 | D:9      | Reached skill level 5 in Bows
 11763 | D:9      | Noticed a two-headed ogre
 11768 | D:9      | Killed a two-headed ogre
 12309 | D:9      | Found a stormy altar of Qazlal.
 12331 | D:9      | Reached skill level 16 in Axes
 12887 | D:10     | Entered Level 10 of the Dungeon
 13228 | D:10     | Noticed a two-headed ogre
 13238 | D:10     | Killed a two-headed ogre
 14417 | D:11     | Gained mutation: You have a pair of horns on your head.
                  | [demonic ancestry]
 14417 | D:11     | Reached XP level 12. HP: 27/83 MP: 5/12
 14644 | D:11     | Found a frozen archway.
 14646 | D:11     | Noticed an ice dragon
 14662 | D:11     | Killed an ice dragon
 14673 | IceCv    | Entered an ice cave
 15136 | IceCv    | Reached skill level 5 in Fighting
 16469 | IceCv    | Noticed a quicksilver ooze
 16473 | IceCv    | Killed a quicksilver ooze
 16533 | IceCv    | Reached skill level 17 in Axes
 16710 | IceCv    | Found a viscous altar of Jiyva.
 16710 | IceCv    | Noticed an azure jelly
 16715 | IceCv    | Noticed a quicksilver ooze
 16722 | IceCv    | Killed an azure jelly
 16730 | IceCv    | Killed a quicksilver ooze
 16731 | IceCv    | Reached skill level 5 in Armour
 17035 | IceCv    | Got the ring of the Establishment {Ice rPois Str+4 Dex-3}
 17044 | IceCv    | Got the ring of the Yeti {rElec rC+ Will+}
 17849 | D:11     | Reached XP level 13. HP: 86/95 MP: 10/13
 17886 | D:11     | Found a staircase to the Orcish Mines.
 18676 | Lair:1   | Entered Level 1 of the Lair of Beasts
 20272 | Lair:2   | Found a staircase to the Shoals.
 20925 | Lair:2   | Identified the +7 war axe of Righteous Fury {vorpal, Will+
                  | Dex+5}
 21445 | Lair:2   | Found a hole to the Spider Nest.
 22709 | Lair:4   | Identified the +0 pair of boots "Ciske" {Rampage}
 23156 | Lair:4   | Identified the +2 robe of Daffodils {rCorr}
 23517 | Lair:4   | Noticed Amaemon
 23523 | Lair:4   | Killed Amaemon
 24142 | Lair:5   | Reached XP level 14. HP: 84/106 MP: 10/14
 24144 | Lair:5   | Reached skill level 10 in Bows
 25335 | Lair:6   | Entered Level 6 of the Lair of Beasts
 25355 | Lair:6   | Noticed Kirke
 25538 | Lair:6   | Killed Kirke
 27655 | Lair:6   | Found a staircase to the Slime Pits.
 28710 | Lair:6   | Reached skill level 10 in Fighting
 28713 | Lair:6   | Found a burning altar of Makhleb.
 28750 | Lair:6   | Found a gateway to Hell.
 28757 | Lair:6   | Identified the +8 war axe of Ybilleso {flame, rPois Int+3}
 29216 | Orc:1    | Entered Level 1 of the Orcish Mines
 29549 | Orc:2    | Entered Level 2 of the Orcish Mines
 29673 | Orc:2    | Gained mutation: You have a pair of large horns on your
                  | head. [demonic ancestry]
 29673 | Orc:2    | Reached XP level 15. HP: 115/115 MP: 15/15
 29685 | Orc:2    | Found a transporter.
 29688 | Orc:2    | Noticed epen's ghost (adept GnAr)
 29691 | Orc:2    | Found a transporter.
 29714 | Orc:2    | Found a staircase to the Elven Halls.
 29788 | Orc:1    | Noticed Snorg
 29800 | Orc:2    | Killed Snorg
 30173 | Orc:2    | Reached ****** piety under Trog
 30233 | Orc:2    | Received a gift from Trog
 30291 | Orc:2    | Paralysed by an orc sorcerer for 3 turns
 30625 | Orc:1    | Noticed Urug
 30636 | Orc:1    | Killed Urug
 30916 | Orc:1    | HP: 5/115 [spore (23)]
 31932 | Orc:2    | Noticed Erolcha
 31939 | Orc:2    | Killed Erolcha
 32548 | Orc:2    | Received a gift from Trog
 32588 | Orc:2    | Noticed an orc warlord
 32607 | Orc:2    | Killed an orc warlord
 32906 | Orc:2    | Found Pezeaf's Magic Scroll Emporium.
 32906 | Orc:2    | Found Cochiusemo's General Store.
 32924 | Orc:2    | Found Doawap's Jewellery Boutique.
 32924 | Orc:2    | Found Arupaff's Antique Weapon Emporium.
 32930 | Orc:2    | Bought a scroll of noise for 16 gold pieces
 32934 | Orc:2    | Bought an amulet of regeneration for 330 gold pieces
 32948 | Orc:2    | Bought a scroll of identify for 32 gold pieces
 32948 | Orc:2    | Bought a scroll of identify for 32 gold pieces
 33166 | Orc:2    | Identified the +6 chain mail of Music {rF+ Str+4}
 33301 | Orc:2    | Killed epen's ghost
 33379 | Orc:2    | Bought a scroll of amnesia for 56 gold pieces
 33379 | Orc:2    | Bought a scroll of acquirement for 832 gold pieces
 33379 | Orc:2    | Acquired the +0 pair of gloves "Qiafiomp" {+Blink}
 33406 | Orc:2    | Upgraded the game from 0.29-a0-298-g3c90f9a769 to
                  | 0.29-a0-323-g050149af67
 33856 | D:12     | Acquired a manual of Dodging
 34137 | D:12     | Found Hopnus's Assorted Antiques.
 34459 | D:13     | Reached skill level 15 in Bows
 34621 | D:13     | Found a gate to the Vaults.
 35245 | D:14     | Reached XP level 16. HP: 103/125 MP: 13/16
 35340 | D:14     | Noticed Lodul
 35344 | D:14     | Killed Lodul
 35673 | D:14     | Received a gift from Trog
 35999 | D:14     | Identified the ring "Cupn" {rF+ rC+ rN+}
 36633 | D:15     | Entered Level 15 of the Dungeon
 36878 | D:15     | Found a staircase to the Depths.
 37037 | D:15     | Identified the +8 spear of Qozyluu {flame, rN++ Str+2}
 37187 | D:15     | Identified the +9 falchion "Macli" {flame, +Blink}
 37202 | D:15     | Found Plog's Weapon Boutique.
 37584 | Spider:1 | Entered Level 1 of the Spider Nest
 37950 | Spider:1 | Identified the ring of the Bellicose God {*Slow rC+++ rN+
                  | Dex+3 Slay+3}
 37980 | Spider:1 | Identified the +0 plate armour of Pan-Flutes {Int+7}
 38146 | Spider:1 | Noticed Aizul
 38160 | Spider:1 | Killed Aizul
 38296 | Spider:1 | Reached skill level 10 in Armour
 38415 | Spider:2 | Received a gift from Trog
 39388 | Spider:2 | Noticed Agnes
 39394 | Spider:2 | Killed Agnes
 39395 | Spider:2 | Gained mutation: You are robust. (+10% HP) [demonic
                  | ancestry]
 39395 | Spider:2 | Reached XP level 17. HP: 105/146 MP: 14/17
 40516 | Spider:3 | Noticed Arachne
 40527 | Spider:3 | Killed Arachne
 41021 | Spider:4 | Entered Level 4 of the Spider Nest
 41057 | Spider:4 | Received a gift from Trog
 42089 | Spider:4 | Got a gossamer rune of Zot
 42356 | Shoals:1 | Entered Level 1 of the Shoals
 42682 | Shoals:1 | Identified the ring of Vuimeol {Fly rElec rPois Will-}
 42955 | Shoals:1 | Noticed a kraken
 43055 | Shoals:1 | Killed a kraken
 44292 | Shoals:2 | Noticed a kraken
 44445 | Shoals:2 | Killed a kraken
 44684 | Shoals:3 | Found a runed translucent gate.
 44684 | Shoals:3 | Found a runed translucent gate.
 44684 | Shoals:3 | Found a runed translucent gate.
 44686 | Shoals:3 | Found an opulent altar of Gozag.
 44688 | Shoals:3 | Noticed starts1789's ghost (adept DgEE)
 44689 | Shoals:3 | Found Seonlo's Assorted Antiques.
 44744 | Shoals:3 | Gained mutation: Your demonic aura often causes spilled
                  | blood to erupt in flames. [demonic ancestry]
 44744 | Shoals:3 | Reached XP level 18. HP: 146/158 MP: 15/18
 45097 | Shoals:3 | Acquired a manual of Axes
 45350 | Shoals:3 | Received a gift from Trog
 45380 | Shoals:3 | Noticed Polyphemus
 45391 | Shoals:3 | Killed Polyphemus
 45637 | Shoals:3 | Killed starts1789's ghost
 45766 | Shoals:4 | Entered Level 4 of the Shoals
 46323 | Shoals:4 | HP: 5/159 [tentacle[a kraken] (14)]
 46323 | Shoals:4 | HP: 1/159 [tentacle[a kraken] (4)]
 46879 | Shoals:4 | Got a barnacled rune of Zot
 47187 | Shoals:4 | Identified the ring of the Wild Haggis {rC+ Str+2 Int+6}
 47189 | Shoals:4 | Identified the +4 scale mail "Poadiej" {+Blink rPois rF+
                  | Int-3}
 48090 | Vaults:1 | Entered Level 1 of the Vaults
 48777 | Vaults:1 | Received a gift from Trog
 48991 | Vaults:1 | Gained mutation: You are very robust. (+20% HP) [demonic
                  | ancestry]
 48991 | Vaults:1 | Reached XP level 19. HP: 153/183 MP: 19/19
 49804 | Vaults:1 | Received a gift from Trog
 50314 | Vaults:2 | Received a gift from Trog
 50395 | Vaults:2 | Reached skill level 15 in Fighting
 50849 | Vaults:2 | Identified the +9 chain mail "Cengaf" {Str+4 Dex+2}
 51262 | Vaults:2 | Found a staircase to the Crypt.
 51411 | Vaults:3 | Gained mutation: When low on magic, you restore magic in
                  | place of health. [demonic ancestry]
 51411 | Vaults:3 | Reached XP level 20. HP: 110/195 MP: 14/20
 51995 | Vaults:3 | Received a gift from Trog
 52139 | Vaults:3 | Found a gateway to a bazaar.
 52193 | Bazaar   | Entered a bazaar
 52197 | Bazaar   | Found Ongaddoe's Distillery.
 52217 | Bazaar   | Found Itunar's Book Shoppe.
 52239 | Bazaar   | Found Taamoe's Weapon Boutique.
 52260 | Bazaar   | Found Syubuist's Antique Armour Emporium.
 52290 | Bazaar   | Bought a runed crystal plate armour for 1992 gold pieces
 52421 | Vaults:4 | Noticed Saint Roka
 52435 | Vaults:4 | Killed Saint Roka
 52629 | Vaults:4 | Reached skill level 15 in Armour
 53141 | Vaults:4 | Received a gift from Trog
 53330 | Vaults:4 | Identified the +6 spear of Discretion {speed, +Blink rN++
                  | Int-2}
 53491 | Vaults:3 | Reached skill level 18 in Axes
 54610 | Vaults:4 | Received a gift from Trog
 54985 | Vaults:4 | Gained mutation: Your demonic aura causes all spilled blood
                  | to erupt in flames. [demonic ancestry]
 54985 | Vaults:4 | Reached XP level 21. HP: 146/208 MP: 15/21
 55081 | Vaults:4 | Reached skill level 19 in Axes
 55374 | Vaults:5 | Entered Level 5 of the Vaults
 55381 | Vaults:5 | Received a gift from Trog
 55735 | Vaults:5 | Reached skill level 20 in Axes
 56436 | Vaults:5 | Received a gift from Trog
 56789 | Vaults:5 | Noticed a golden dragon
 56850 | Vaults:5 | Noticed a golden dragon
 56855 | Vaults:5 | Noticed a dread lich
 56858 | Vaults:5 | Killed a golden dragon
 56863 | Vaults:5 | Killed a dread lich
 57014 | Vaults:5 | Got a silver rune of Zot
 57169 | Vaults:5 | Killed a golden dragon
 57336 | Vaults:5 | Noticed a golden dragon
 57343 | Vaults:5 | Killed a golden dragon
 57356 | Vaults:5 | Reached XP level 22. HP: 184/220 MP: 20/22
 57530 | Vaults:5 | Reached skill level 21 in Axes
 58391 | Elf:1    | Entered Level 1 of the Elven Halls
 58395 | Elf:1    | Paralysed by an air elemental for 1 turns
 58403 | Elf:1    | Received a gift from Trog
 58533 | Elf:1    | Found Usickuk's General Store.
 58797 | Elf:1    | Found Punnorux's Book Shop.
 58805 | Elf:1    | Found Doakh's Jewellery Shoppe.
 58806 | Elf:1    | Found Hualunta's Book Shop.
 59255 | Elf:2    | Received a gift from Trog
 59397 | Elf:2    | Found a runed translucent gate.
 59397 | Elf:2    | Found a runed translucent gate.
 59397 | Elf:2    | Found a runed translucent gate.
 59985 | Elf:2    | Received a gift from Trog
 60126 | Elf:2    | Noticed Zenata
 60143 | Elf:2    | Killed Zenata
 60402 | Elf:2    | Reached skill level 22 in Axes
 60576 | Elf:3    | Entered Level 3 of the Elven Halls
 60867 | Elf:3    | Received a gift from Trog
 61166 | Elf:3    | Noticed Mara
 61174 | Elf:3    | Killed Mara
 61413 | Elf:3    | Reached XP level 23. HP: 204/230 MP: 19/23
 61495 | Elf:3    | Paralysed by an air elemental for 1 turns
 61539 | Elf:3    | Received a gift from Trog
 61726 | Elf:3    | Identified the amulet "Puclym" {RegenMP Str+6}
 61746 | Elf:3    | Identified the ring "Gyiviqing" {Slay+2 SInv}
 61756 | Elf:3    | Identified the ring of Modesty {Wiz *Slow rElec rF+ Int+3}
 62028 | Elf:3    | Identified the +3 morningstar of Superiority {freeze, rC+
                  | Str+6 Stlth+}
 62045 | Elf:3    | Identified the +4 hand axe of the Moon {freeze, *Slow rElec
                  | MP+9 Str+2}
 62570 | Depths:1 | Entered Level 1 of the Depths
 62645 | Depths:1 | Reached skill level 23 in Axes
 62957 | Depths:1 | Gained mutation: Your spells are a little easier to cast,
                  | but a little less powerful. [a shining eye]
 63212 | Depths:1 | Noticed a caustic shrike
 63223 | Depths:1 | Killed a caustic shrike
 63223 | Depths:1 | Received a gift from Trog
 63439 | Depths:1 | Identified the amulet of Psychosis {Reflect rC- Dex+6 SH+5}
 64642 | Depths:2 | Found a one-way gate leading to the halls of Pandemonium.
 64654 | Depths:2 | Received a gift from Trog
 64666 | Depths:2 | Noticed Giriussogi's ghost (journeyman MiBe)
 64673 | Depths:2 | Found a runed translucent door.
 64686 | Depths:1 | Identified the +11 quarterstaff "Fafrog" {vorpal, Fly rPois
                  | Will+}
 64739 | Depths:2 | Killed Giriussogi's ghost
 64740 | Depths:2 | Reached skill level 24 in Axes
 64772 | Depths:2 | Found a one-way gateway to a ziggurat.
 65843 | Depths:3 | Found a corrupted altar of Lugonu.
 65987 | Depths:3 | Reached XP level 24. HP: 233/243 MP: 17/23
 66145 | Depths:3 | Received a gift from Trog
 66448 | Depths:3 | Identified the +0 whip of Dismay {vorpal, rF+ Will+}
 66835 | Depths:3 | Found a one-way gate to the infinite horrors of the Abyss.
 66955 | Depths:4 | Entered Level 4 of the Depths
 67426 | Depths:4 | Identified the +1 battleaxe of Trog's Reproof {flame,
                  | *Noise Str+5} (Trog gifted it to you on level 4 of the
                  | Depths)
 67426 | Depths:4 | Received a gift from Trog
 67442 | Depths:4 | Reached skill level 1 in Shields
 67669 | Depths:4 | Found a gate to the Realm of Zot.
 67801 | Depths:4 | Noticed a juggernaut
 67816 | Depths:4 | Killed a juggernaut
 68281 | Depths:4 | Received a gift from Trog
 69654 | Crypt:1  | Entered Level 1 of the Crypt
 69895 | Crypt:1  | Reached skill level 5 in Dodging
 70068 | Crypt:1  | Noticed Mennas
 70085 | Crypt:1  | Killed Mennas
 70423 | Crypt:1  | Received a gift from Trog
 70499 | Crypt:1  | Found a runed translucent gate.
 70499 | Crypt:1  | Found a runed translucent gate.
 70499 | Crypt:1  | Found a runed translucent gate.
 70500 | Crypt:1  | Noticed Titucsi's ghost (adept GrFi)
 70832 | Crypt:1  | Killed Titucsi's ghost
 70934 | Crypt:1  | Identified the +4 cloak "Gilujur" {Fly rF++}
 71389 | Crypt:2  | Reached XP level 25. HP: 91/259 MP: 9/23
 71828 | Crypt:2  | Identified the +5 crystal plate armour of the Ferocious
                  | Wumpus {Fly rPois rCorr Str-2}
 72222 | Crypt:3  | Entered Level 3 of the Crypt
 72327 | Crypt:3  | Received a gift from Trog
 72386 | Crypt:3  | Found a staircase to the Tomb.
 73207 | Crypt:3  | Identified the +8 dagger "Netid" {vamp, *Noise Dex+6 SInv}
 73695 | Crypt:3  | Found an ancient bone altar of Kikubaaqudgha.
 73699 | Crypt:3  | Found a basalt altar of Yredelemnul.
 73731 | Crypt:3  | Found the ring of Shadows {Umbra +Inv Stlth+}
 73791 | Crypt:2  | Found a basalt altar of Yredelemnul.
 74317 | Tomb:1   | Entered Level 1 of the Tomb of the Ancients
 74907 | Tomb:1   | Received a gift from Trog
 75271 | Tomb:1   | Noticed a royal mummy
 76076 | Slime:1  | Entered Level 1 of the Pits of Slime
 76316 | Slime:1  | Gained mutation: You are weak. (Str -2) [a shining eye]
 78008 | Slime:3  | Received a gift from Trog
 78014 | Slime:3  | Gained mutation: Your magical capacity is low. (-10% MP) [a
                  | shining eye]
 78015 | Slime:3  | Gained mutation: You are somewhat resistant to further
                  | mutation. [a shining eye]
 79057 | Slime:5  | Entered Level 5 of the Pits of Slime
 79072 | Slime:5  | Paralysed by a floating eye for 4 turns
 79086 | Slime:5  | Noticed the Royal Jelly
 79102 | Slime:5  | HP: 12/397 [rockslime[the Royal Jelly] (26)]
 79103 | Slime:5  | Killed the Royal Jelly
 79104 | Slime:5  | Reached skill level 10 in Dodging
 79104 | Slime:5  | Mangled by a rockslime

Illustrated notes

Levels and vault maps discovered:
D:1:      minmay_arrival_jagged, layout_basic, hellmonk_ecumenical_altar_blasted
D:2:      layout_basic, serial_shops, shop, basic_altar, minmay_misc_feat_chi,
          grunt_ministairs_7, uniq_sigmund
D:3:      layout_basic, uniq_ijyb
D:4:      layout_layer_cave, minmay_temple_entry_glass, portal_sewer_entry_e,
          uniq_robin
D:5:      layout_gridville
D:6:      layout_basic, mainiacjoe_overflow_24_doors, marbit_many_paths,
          roderic_malta_cross, minivault_27
D:7:      layout_loops_ring, nicolae_overflow_quartered_altars,
          grunt_ministairs_1, uniq_prince_ribbit1, uniq_maggie, uniq_duvessa
D:8:      minmay_evil_eye, layout_rooms, mainiacjoe_overflow_six_doors_small,
          erik_lair_orcish_takeover
D:9:      minmay_the_grid_octo_tiled_octocenter [minmay_the_grid_octo_chip,
          minmay_the_grid_octo_thin_diamonds, minmay_the_grid_octo_fat_diamond,
          minmay_the_grid_octo_clover_2,
          minmay_the_grid_octo_prize_ultimate_mussel_roller,
          minmay_the_grid_square_5x5_bracketed, minmay_the_grid_square_5x5_v,
          minmay_the_grid_square_5x5_two, minmay_the_grid_square_5x5_shuriken],
          layout_long_grid, kennysheep_little_box, enter_bailey_4, centaur_isle
D:10:     layout_irregular_city
D:11:     layout_roguey, david_orc_1_choice,
          portal_ice_cave_entry_animals_and_master
D:12:     layout_big_octagon, serial_rivers, chequers_serial_rivers_room_a,
          chequers_serial_rivers_room_a, chequers_serial_rivers_micro_e,
          chequers_serial_rivers_large_b, chequers_serial_rivers_large_a,
          chequers_serial_rivers_micro_b, serial_shops, kennysheep_mini_moat
D:13:     layout_roguey, hangedman_vaults_entry_quadrant_bands
D:14:     layout_stronghold, serial_bayou_shore_b, amcnicky_mini_pool_medium,
          uniq_lodul
D:15:     hangedman_depths_entry_civil_slaughter, layout_rooms, serial_shops,
          shop, hangedman_abyss_or_decor_stagger
Lair:1:   layout_gridlike, grunt_megastairs_2, serial_bayou_shore_a,
          infiniplex_staircase_pool
Lair:2:   layout_chaotic_city, elwin_shoals_entry_stream,
          spider_nest_entry_web_field, grunt_megastairs_3, lemuel_fruit_fields
Lair:3:   layout_roguey, lemuel_fruit_fields
Lair:4:   layout_regular_city, eino_house_with_fridge, lemuel_fruit_tree,
          uniq_amaemon
Lair:5:   layout_layer_cave, cheibrodos_lair_lostbears, grunt_megastairs_1,
          infiniplex_staircase_pool_2
Lair:6:   evil_forest, layout_regular_city, minmay_slime_entry_oklob_enclosed,
          serial_bayou_shore_b, uniq_kirke
Shoals:1: layout_shoals
Shoals:2: layout_shoals, nicolae_shoals_loop_pool
Shoals:3: layout_shoals, ebering_ghost_gozag, uniq_polyphemus
Shoals:4: shoals_end_hellmonk_lost_city, serial_shops
Spider:1: layout_spider_delve, uniq_aizul
Spider:2: layout_spider_delve, nicolae_spider_moth_buddies, uniq_agnes
Spider:3: layout_spider_delve, uniq_arachne
Spider:4: grunt_spider_rune_parallel
Slime:1:  layout_caves, nicolae_slime_phagocytosis
Slime:2:  layout_caves
Slime:3:  layout_caves
Slime:4:  layout_caves
Slime:5
Orc:1:    cheibrodos_orc_arena, layout_diamond_mine, uniq_snorg, uniq_urug
Orc:2:    grunt_orc_tribal_feast, layout_caves, gammafunk_ghost_arena,
          elf_legates, uniq_erolcha
Elf:1:    minmay_elf_arrival_plus, layout_loops_ring, serial_shops,
          nicolae_shop_hallway_plus, hangedman_elf_represent, minmay_shop_grove
Elf:2:    elven_hall_of_blades_hangedman_original [nicolae_blade_little_rooms],
          layout_geoelf_grid, lemuel_flamethrower_2, uniq_zenata
Elf:3:    elf_hall, layout_onion_city, guppyfry_library_mini,
          grunt_megastairs_5, uniq_mara
Vaults:1: grunt_vaults_funnel, nicolae_vaults_network_quinsquares
          [nicolae_vaults_network_quincunx_subvault,
          nicolae_vaults_network_quincunx_subvault,
          nicolae_vaults_network_quincunx_subvault,
          nicolae_vaults_network_quincunx_subvault],
          nicolae_vaults_ninety_degrees, vaults_mumra_lcd,
          ontoclasm_vaults_ring_small, v_pattern_2, grunt_vaults_twisty,
          nicolae_vaults_alarming, grunt_vaults_diagonal,
          nicolae_vaults_little_squares_3, layout_vaults_omnibox
Vaults:2: ontoclasm_vaults_ring_small, minmay_crypt_entry_skeletal_spiral,
          vaults_room_ringed_pool, v_misc_27, vaults_dpeg_ring,
          nicolae_vaults_little_squares_1, nicolae_vaults_what_the_h,
          v_alt_pattern_2, vaults_dpeg_diagonal, layout_vaults_ring
Vaults:3: v_alt_pattern_2, hangedman_vaults_nodes, v_alt_pattern_4,
          nicolae_vaults_little_ls, nicolae_vaults_c_with_doors,
          hangedman_vaults_impose, vaults_standard_mumra_lines, v_misc_30,
          nicolae_vaults_little_squares_6, layout_vaults_chaotic_city,
          serial_shops, bzr_entry_dummy
Vaults:4: grunt_vaults_trifunnel, hangedman_vaults_stagger, st_cells, v_rooms_2,
          v_pattern_4, nicolae_vaults_yaktaur_gun_rack,
          vaults_dpeg_encased_lava, nicolae_vaults_ring_of_whatevers,
          nicolae_vaults_asterisk, layout_vaults_omnigrid, uniq_saint_roka
Vaults:5: uniq_margery
Crypt:1:  layout_regular_city, gammafunk_ghost_spectres, uniq_mennas
Crypt:2:  layout_misc_corridors, hangedman_batty, lemuel_upstairs_altar
Crypt:3:  lightli_unholy_cathedral, layout_chaotic_city,
          tomb_entry_forgotten_bobbens
Tomb:1
Depths:1: minmay_fractal_lines_corner, layout_cave_shapes,
          nicolae_hell_entry_hellmouth_sunbeams, serial_co_window_serial,
          co_window_corner_a, co_window_corner_a, co_window_paths_a,
          co_window_paths_a, co_window_of_opportunity_a,
          co_window_unsneaky_path_a, co_window_broadway_c, co_window_cross_2,
          co_window_corner_b, co_window_corner_ca, glass_columns_a,
          glass_columns_b, glass_columns_b, glass_columns_b,
          grunt_decor_clamped, firewood_loft
Depths:2: minmay_octo_star, layout_basic, enter_ziggurat_a,
          hellmonk_ghost_happy_afterlife, chequers_serial_rivers_small_3,
          pan_entry, hell_entry, kennysheep_generic_room_8, serial_bayou_shore_b
Depths:3: minmay_tri_stars, layout_cave_pools, pf_hell_entry_great_geh,
          abyss_entry_flame_altar, minmay_staircase_statues_hall_small
Depths:4: grunt_x_marks_the_spot, layout_gridlike, minmay_misc_feat_encased,
          hell_entry

Skill      XL: |  1  2  3  4  5  6  7  8  9 10 11 12 13 14 15 16 17 18 19 20 21 22 23 24 25 |
---------------+----------------------------------------------------------------------------+-----
Axes           | 3 5 6 7 8 11 13 15 16 17 18 20 22 24 | 24.0
Bows           | 2 7 9 13 15 17 18 20 22 | 22.0
Armour         | 2 5 6 7 9 11 12 13 14 16 17 18 19 20 22 | 22.0
Fighting       | 4 6 8 10 11 12 13 14 15 17 18 20 21 23 | 23.5
Shields        | 1 |  1.0
Dodging        | 6 10 | 10.0
Throwing       | |  0.5
Evocations     | |  0.4

Action                   |  1- 3 |  4- 6 |  7- 9 | 10-12 | 13-15 | 16-18 | 19-21 | 22-24 | 25-27 || total
-------------------------+-------+-------+-------+-------+-------+-------+-------+-------+-------++-------
Melee: War axe           |    69 |   123 |   374 |   251 |   361 |   463 |   357 |       |       ||  1998
       Hand axe          |    10 |       |       |       |       |       |       |       |       ||    10
       Headbutt          |    13 |    15 |    66 |   106 |   120 |   114 |   161 |   322 |   209 ||  1126
       Punch             |       |     4 |     4 |    11 |     8 |     7 |     7 |       |       ||    41
       Broad axe         |       |       |       |   252 |   158 |       |       |       |       ||   410
       Executioner's axe |       |       |       |       |       |       |    74 |  1176 |   525 ||  1775
 Fire: Longbow           |       |       |       |    53 |   673 |  1232 |   876 |    41 |       ||  2875
Throw: Dart              |       |    11 |    11 |    18 |     7 |     5 |       |       |       ||    52
       Javelin           |       |       |       |     8 |     2 |     2 |       |       |       ||    12
Invok: Berserk           |     1 |     3 |     6 |    11 |     6 |       |       |     1 |     1 ||    29
       Trog's Hand       |       |       |     1 |     1 |     3 |       |     1 |     2 |       ||     8
       Brothers in Arms  |       |       |       |     8 |     4 |     8 |     2 |     5 |     1 ||    28
 Abil: Evoke Blink       |       |       |       |       |       |     2 |       |       |       ||     2
Evoke: Wand              |       |     4 |     7 |     4 |     3 |    14 |     4 |     6 |       ||    42
       Phantom mirror    |       |       |       |     1 |     2 |     1 |       |     2 |       ||     6
       Phial of floods   |       |       |       |     1 |     1 |       |       |       |       ||     2
  Use: Scroll            |       |     1 |     7 |     6 |    26 |    18 |    10 |    13 |     1 ||    82
       Potion            |       |       |     1 |       |     4 |    10 |     5 |     6 |       ||    26
 Stab: Sleeping          |     1 |       |     1 |       |       |       |       |       |       ||     2
       Distracted        |       |       |       |       |       |     1 |     3 |     1 |     1 ||     6
Armor: Animal skin       |    14 |       |       |       |       |       |       |       |       ||    14
       Ring mail         |     3 |     8 |       |       |       |       |       |       |       ||    11
       Leather armour    |       |    54 |   153 |   148 |   201 |       |       |       |       ||   556
       Ice dragon scales |       |       |       |   108 |    43 |       |       |       |       ||   151
       Chain mail        |       |       |       |       |   119 |  1138 |   212 |       |       ||  1469
       Crystal plate arm |       |       |       |       |       |       |   481 |   809 |   290 ||  1580
Dodge: Dodged            |    48 |    61 |   176 |   390 |   404 |   616 |   296 |   276 |   142 ||  2409
       Repelled          |       |       |       |       |       |     8 |     6 |    10 |       ||    24
Block: Other             |       |       |       |       |       |       |       |    61 |    47 ||   108
       Reflection        |       |       |       |       |       |       |       |     1 |       ||     1

Table legend: (Time is in decaauts)
 A = Elapsed time spent in this place.
 B = Non-inter-level travel time spent in this place.
 C = Inter-level travel time spent in this place.
 D = Time resting spent in this place.
 E = Time spent auto-exploring this place.
 F = Levels seen in this place.
 G = Mean time per level.
                   A        B        C        D        E       F      G
               +--------+--------+--------+--------+--------+-----+--------+
         Total |  78977 |  74383 |   4594 |  24049 |  31970 |  56 | 1410.3 |
       Dungeon |  20102 |  18306 |   1796 |   6149 |   8687 |  15 | 1340.1 |
          Lair |  10593 |   9821 |    772 |   4156 |   4075 |   6 | 1765.5 |
        Shoals |   5274 |   5122 |    152 |   1056 |   2018 |   4 | 1318.5 |
   Spider Nest |   4934 |   4639 |    295 |   1312 |   1658 |   4 | 1233.5 |
    Slime Pits |   2977 |   2871 |    106 |    956 |   1439 |   5 |  595.4 |
  Orcish Mines |   4044 |   3839 |    205 |   1885 |    967 |   2 | 2022.0 |
   Elven Halls |   3940 |   3764 |    176 |    494 |   1643 |   3 | 1313.3 |
        Vaults |   9700 |   9088 |    612 |   1832 |   4812 |   5 | 1940.0 |
         Crypt |   4787 |   4599 |    188 |   1598 |   2097 |   3 | 1595.7 |
          Tomb |   1000 |   1000 |      0 |    458 |    126 |   1 | 1000.0 |
        Depths |   6762 |   6474 |    288 |   1638 |   3704 |   4 | 1690.5 |
        Bazaar |    168 |    168 |      0 |      0 |     63 |   1 |  168.0 |
         Sewer |   1102 |   1102 |      0 |     60 |    617 |   1 | 1102.0 |
        Bailey |    841 |    841 |      0 |    511 |      0 |   1 |  841.0 |
      Ice Cave |   2746 |   2746 |      0 |   1939 |     63 |   1 | 2746.0 |
               +--------+--------+--------+--------+--------+-----+--------+

Top non-repeatable levels by time:
  Lair:6: 3274 daAuts
   Orc:2: 2832 daAuts
   IceCv: 2746 daAuts
     D:9: 2690 daAuts
Vaults:5: 2533 daAuts
Depths:4: 2423 daAuts
  Lair:1: 2132 daAuts
 Crypt:3: 2077 daAuts
Vaults:4: 2022 daAuts
Vaults:3: 1993 daAuts
    D:11: 1946 daAuts
Depths:1: 1634 daAuts
  Lair:5: 1631 daAuts
   Elf:2: 1615 daAuts
Vaults:1: 1599 daAuts
